 Dungeon Crawl Stone Soup version 0.18-a0-867-gfd1cc8f (webtiles) character file.

31 Gorice the Magician (level 3, -7/24 HPs)
             Began as an Octopode Wanderer on Dec 21, 2015.
             Mangled by a gnoll
             ... wielding a +0 spear
              (9 damage)
             ... on level 1 of the Dungeon.
             The game lasted 00:10:31 (1283 turns).

Gorice the Magician (Octopode Wanderer)             Turns: 1283, Time: 00:10:31

Health: -7/24      AC:  1    Str: 10    XL:     3   Next: 22%
Magic:  1/7        EV: 11    Int: 18    God:
Gold:   92         SH:  0    Dex:  9    Spells: 3 memorised, 4 levels left

rFire  . . .     SeeInvis .     b - +0 hand crossbow
rCold  . . .     Gourm    .     (no shield)
rNeg   . . .     Faith    .     (helmet restricted)
rPois  .         Spirit   .     (no amulet)
rElec  .         Dismiss  .     (no ring)
rCorr  .         Reflect  .     (no ring)
SustAt .         Harm     .     (no ring)
MR     .....                    (no ring)
Stlth  ++........               (no ring)
                                (no ring)
                                (no ring)
                                (no ring)

@: very slightly contaminated, repel missiles, not resistant to hostile
enchantments, unstealthy
A: almost no armour, amphibious, 8 rings, constrict 8, camouflage 1, gelatinous
body 1
a: no special abilities


You were on level 1 of the Dungeon.
You were not hungry.

You visited 1 branch of the dungeon, and saw 2 of its levels.

You collected 92 gold pieces.

Inventory:

Hand Weapons
 b - a +0 hand crossbow (weapon)
 h - a +0 hand axe
 k - a +2 hunting sling of freezing
   (You found it on level 1 of the Dungeon)
Missiles
 d - 31 bolts (quivered)
 Z - 27 stones
Scrolls
 e - a scroll of remove curse {unknown}
Potions
 i - a potion of brilliance {unknown}
 l - a potion of lignification {unknown}
Books
 a - a book of Minor Magic
 c - the Handbook of Snow

   Spells                             Type                      Level
   a - Freeze                         Ice                          1
   b - Ozocubu's Armour               Charms/Ice                   3
Comestibles
 f - a bread ration {!e}


   Skills:
 - Level 2.0 Fighting
 + Level 1.3 Crossbows
   Level 1.0 Shields
 + Level 3.2 Spellcasting
 * Level 1.6 Conjurations
 * Level 1.0 Ice Magic
 - Level 2.0 Air Magic
   Level 1.1 Evocations


You had 4 spell levels left.
You knew the following spells:

 Your Spells              Type           Power        Failure   Level  Hunger
a - Freeze                Ice            #...         12%         1    None
b - Magic Dart            Conj           #...         12%         1    None
M - Repel Missiles        Chrm/Air       #.....       17%         2    ##.....


Dungeon Overview and Level Annotations

Branches:
Dungeon (2/15)

Altars:

Annotations:
D:2 Sigmund


Innate Abilities, Weirdness & Mutations

You cannot wear most types of armour.
You are amphibious.
You can wear up to eight rings at the same time.
You can use your tentacles to constrict eight enemies at once.
Your skin changes colour to match your surroundings (Stealth).
Your rubbery body absorbs attacks (AC +1).


Message History

Damage: 6 (max 6)
The gnoll hits you with a spear.
You climb upwards.
There is a stone staircase leading down here.
Damage: 2 (max 6)
Casting: Magic Dart
Confirm with . or Enter, or press ? or * to list all spells.
Aiming: Freeze
Press: ? - help, Shift-Dir - straight line, f - gnoll
Aim: a gnoll, wielding a spear (heavily wounded)
You freeze the gnoll.
The gnoll is heavily wounded.
The gnoll hits you with a spear.
Damage: 4 (max 6)
Casting: Freeze
Confirm with . or Enter, or press ? or * to list all spells.
Aiming: Freeze
Press: ? - help, Shift-Dir - straight line, f/p - gnoll
Aim: a gnoll, wielding a spear (heavily wounded)
You freeze the gnoll.
The gnoll is almost dead.
The gnoll hits you with a spear.
Damage: 4 (max 6)
Casting: Freeze
Confirm with . or Enter, or press ? or * to list all spells.
Aiming: Freeze
Press: ? - help, Shift-Dir - straight line, f/p - gnoll
Aim: a gnoll, wielding a spear (almost dead)
You miscast Freeze.
You are very lightly contaminated with residual magic.
Frost covers your body. The gnoll hits you with a spear.
* * * LOW HITPOINT WARNING * * *
Damage: 2 (max 6) Unknown command.
Casting: Freeze
Confirm with . or Enter, or press ? or * to list all spells.
Aiming: Freeze
Press: ? - help, Shift-Dir - straight line, f/p - gnoll
Aim: a gnoll, wielding a spear (almost dead)
You freeze the gnoll.
The gnoll is almost dead.
The gnoll hits you with a spear.
* * * LOW HITPOINT WARNING * * *
Damage: 4 (max 6) Firing (i - inventory. (,) - cycle):
d - 32 bolts (quivered)
Press: ? - help, Shift-Dir - straight line, f/p - gnoll
Aim: a gnoll, wielding a spear (almost dead)
You shoot a bolt. The bolt barely misses the gnoll.
The gnoll hits you with a spear!
You die...

.######.....................#.#)#
..##....#....#..............#...#
#.#..####..#...####..#.###...#...
#...####......## ##.#...........
...##.........# #.....§....#..
.#.#...#......## ##....§........
.#.#.....≈≈≈≈..####..≈≈≈≈.....###
.#.#....≈≈≈≈≈≈..g...≈≈≈≈≈≈....# #
##.#....≈≈≈≈≈≈..@<..§≈≈≈≈≈....# #
##.#....≈≈≈≈≈≈...[..§§≈≈≈≈....#
.).......≈≈≈≈...#....≈≈≈§...)##
..#....#..........#...........##
....................#..........##
.........####.............[......
....#.##..)...#...............#..
...##.######.....................
..###.# #)##..[...........##..


You could see a gnoll.

Vanquished Creatures
  A giant gecko (D:1)
  5 bats (D:1)
  A giant cockroach (D:1)
  4 hobgoblins (D:1)
  3 jackals (D:1)
  2 kobolds
  3 giant newts (D:1)
  6 goblins (D:1)
  4 rats
29 creatures vanquished.

Notes
Turn   | Place    | Note
--------------------------------------------------------------
     0 | D:1      | Gorice the Octopode Wanderer began the quest for the Orb.
     0 | D:1      | Gorice set off with: a book of Minor Magic, the Handbook of Snow, a +0 hand crossbow, 24 bolts, a bread ration {!e}
     0 | D:1      | Reached XP level 1. HP: 14/14 MP: 4/4
     0 | D:1      | Identified the Handbook of Snow
     2 | D:1      | Learned a level 1 spell: Freeze
     4 | D:1      | Learned a level 1 spell: Magic Dart
   140 | D:1      | Reached skill level 1 in Conjurations
   191 | D:1      | Reached XP level 2. HP: 19/19 MP: 1/6
   773 | D:1      | Reached XP level 3. HP: 16/24 MP: 2/7
   893 | D:1      | Reached skill level 1 in Ice Magic
  1039 | D:1      | Learned a level 2 spell: Repel Missiles
  1070 | D:2      | Noticed Sigmund
  1281 | D:1      | HP: 6/24 [gnoll/spear (3)]
  1282 | D:1      | HP: 2/24 [gnoll/spear (4)]
  1283 | D:1      | Mangled by a gnoll

Vault maps used:
D:1:      dpeg_arrival_pits
D:2:      ashenzari_conservatory_becter, serial_forest,
          infiniplex_forest_clump_long, infiniplex_forest_lined_3_way,
          infiniplex_forest_straight_5, infiniplex_forest_clump_C,
          infiniplex_forest_end_1, infiniplex_forest_clump_small,
          infiniplex_forest_3_way, infiniplex_forest_lined_room_3,
          johnstein_pakellas_shop, uniq_sigmund

Action                   || total
-------------------------++-------
 Fire: Hand crossbow     ||    19
 Cast: Magic Dart        ||    36
       Freeze            ||    20
       Repel Missiles    ||     1
  Use: Scroll            ||     2
  Eat: Chunk             ||     1

Table legend:
 A = Turns spent in this place as a percentage of turns spent in the entire game.
 B = Non-inter-level travel turns spent in this place as a percentage of non-inter-level travel turns spent in the entire game.
 C = Inter-level travel turns spent in this place as a percentage of turns spent in this place.
 D = Turns resting spent in this place as a percentage of non-inter-level travel turns spent in this place.
 E = Turns spent auto-exploring this place as a percentage of non-inter-level travel turns spent in this place.
 F = Non-inter-level travel turns spent in this place divided by the number of levels of this place that you've seen.
                   A       B       C       D       E      F
               +-------+-------+-------+-------+-------+----------------------
         Total | 100.0 | 100.0 |   0.9 |   6.2 |   4.4 | 225.5
       Dungeon | 100.0 | 100.0 |   0.9 |   6.2 |   4.4 | 225.5
               +-------+-------+-------+-------+-------+----------------------

Vault maps used:
D:1:      dpeg_arrival_pits
D:2:      ashenzari_conservatory_becter, serial_forest,
          infiniplex_forest_clump_long, infiniplex_forest_lined_3_way,
          infiniplex_forest_straight_5, infiniplex_forest_clump_C,
          infiniplex_forest_end_1, infiniplex_forest_clump_small,
          infiniplex_forest_3_way, infiniplex_forest_lined_room_3,
          johnstein_pakellas_shop, uniq_sigmund
